Map: Blackburn LE

Players

Denver - Winner!

  • Race: Zerg Zerg

Reynor

  • Race: Zerg Zerg

Event: DreamHack SC2 Masters 2021 Winter

VOD

Have the link to the VOD?

Description

Time

  • Played on: Oct. 7, 2021, 9:05 a.m.
  • Length: 2:43

All games in this series

Show
View Real Time Build Order
Export as new Build Order

Denver Zerg - Winner!

Build Orders: Pool First 

Get SALT Encoding   

  12  0:00  Drone  
  13  0:13  Overlord  
  13  0:17  Drone  
  14  0:32  Drone x2  
  14  0:35  Drone  
  17  0:46  Drone, Extractor  
  17  0:49  Spawning Pool  
  16  0:56  Drone  
  17  1:17  Hatchery  
  16  1:21  Drone  
  17  1:37  Queen, Spine Crawler  
  17  1:38  Zergling x4  
  21  1:42  Spine Crawler  
  21  1:43  Zergling x2  
  21  1:51  Zergling x2  
  20  2:22  Zergling x2  
  20  2:23  Zergling x2  
Show
View Real Time Build Order
Export as new Build Order

Reynor Zerg 

Build Orders: Pool Only 

Get SALT Encoding   

  12  0:17  Spawning Pool  
  11  0:22  Drone  
  11  0:26  Drone  
  13  0:31  Drone  
  14  0:39  Overlord  
  14  1:04  Zergling x4  
  16  1:05  Zergling x2  
  17  1:16  Zergling x2  
  18  1:27  Zergling x2  
  19  1:37  Zergling x2  
  20  1:48  Zergling x2  
  20  2:01  Spine Crawler  
  20  2:04  Spine Crawler x2  
  13  2:23  Zergling x2  
  11  2:35  Spine Crawler  

Tags
 
Add a new tag
Caveats
  • Supply blocks, unpowered buildings, or Contaminate may cause inaccurate times.
  • Supply counts are checked every 10 seconds.